 Dungeon Crawl Stone Soup version 0.27-a0-1139-g28e009f8a6 (console) character file.

Game seed: 6114024785378885564

296 Gather the Insei (level 6, -3/39 HPs)
             Began as an Octopode Transmuter on May 7, 2021.
             Splashed by Ijyb's acid (12 damage)
             ... on level 4 of the Dungeon.
             The game lasted 00:20:46 (6162 turns).

Gather the Insei (Octopode Transmuter)              Turns: 6162, Time: 00:20:47

Health: -3/39      AC:  2    Str: 10    XL:     6   Next: 34%
Magic:  3/9        EV: 20    Int: 16    God:
Gold:   152        SH:  0    Dex: 18    Spells: 3/9 levels left

rFire    . . .     SeeInvis .     - Unarmed
rCold    . . .     Faith    .   (shield currently unavailable)
rNeg     . . .     Spirit   .   (helmet currently unavailable)
rPois    x         Reflect  .   (no amulet)
rElec    .         Harm     .   (no ring)
rCorr    .         Rampage  .   (no ring)
Will     .....                  (no ring)
Stlth    ++........             (no ring)
HPRegen  0.13/turn              (no ring)
MPRegen  0.11/turn              (no ring)
                                (no ring)
                                (no ring)

@: spider-form, very slightly contaminated
A: venomous fangs, almost no armour, (amphibious), 8 rings, tiny, (camouflage
1), (gelatinous body 1), (nimble swimmer 1), (tentacles)
a: End Transformation


You were on level 4 of the Dungeon.
You were a venomous arachnid creature.
You visited 1 branch of the dungeon, and saw 4 of its levels.

You collected 152 gold pieces.

Inventory:

Hand Weapons
 b - a +0 dagger
 e - a +1 short sword of speed
 k - a +0 hunting sling
 p - a +0 short sword of protection
Missiles
 c - 61 stones
 j - 7 atropa-tipped darts (quivered)
 r - 35 arrows
 t - 53 sling bullets
 u - a throwing net
Magical Staves
 o - a staff of conjuration
Scrolls
 a - 2 scrolls of teleportation {unknown}
 d - a scroll of amnesia {unknown}
 f - 4 scrolls of identify {unknown}
 g - a scroll of immolation {unknown}
 h - a scroll of fog {unknown}
 i - 3 scrolls of fear {unknown}
 l - a scroll of noise {unknown}
 m - a scroll of vulnerability {unknown}
 n - 3 scrolls of acquirement {unknown}
 q - a scroll of enchant armour {unknown}
 x - a scroll of enchant weapon {unknown}
Potions
 s - a potion of resistance
 v - a potion of degeneration {unknown}
 w - a potion of attraction {unknown}


   Skills:
 + Level 2.1 Fighting
 + Level 2.9 Dodging
 + Level 2.7 Stealth
 + Level 4.2 Unarmed Combat
 - Level 2.0 Spellcasting
 + Level 3.4 Transmutations
 - Level 3.0 Poison Magic


You had 3 spell levels left.
You knew the following spells:

 Your Spells              Type           Power      Damage    Failure   Level
a - Beastly Appendage     Tmut           24%        N/A       14%         1
s - Spider Form           Tmut/Pois      5%         N/A       36%         3
w - Wereblood             Tmut           12%        N/A       21%         2

Your spell library contained the following spells:

 Spells                   Type           Power      Damage    Failure   Level
 Ice Form                 Ice/Tmut       7%         N/A       87%         4
 Hydra Form               Tmut           6%         N/A       92%         5


Dungeon Overview and Level Annotations

Branches:
Dungeon (4/15)
 Temple: D:4-7

Altars:
Vehumet

Annotations:
D:4 1 transporter, Grinder, Ijyb


Innate Abilities, Weirdness & Mutations

You are a venomous arachnid creature.
You have poisonous fangs.
You are tiny and dextrous.
Your spellcasting is less reliable in this form.
Your armour is entirely melded.
You are incapable of wielding weapons or throwing items.
You cannot wear most types of armour.
((You are amphibious.))
You can wear up to eight rings at the same time.
((Your skin changes colour to match your surroundings (Stealth+).))
((Your rubbery body absorbs attacks. (AC +1, EV +1)))
((You are camouflaged near water. (Stealth+)))
((You have tentacles for arms and can constrict up to eight enemies at once.))


Message History

You now have 152 gold pieces (gained 11).
Found a ring mail.
Found a radiant altar of Vehumet.
A necrophage comes into view.
Found a scroll labelled URIYPHOF USIOCH.
Okay, then.
Casting: Beastly Appendage (safe; 4% risk of failure)
Confirm with . or Enter, or press ? or * to list all spells.
One of your tentacles grows a vicious spike.
A quokka and Ijyb come into view.
Ijyb is wielding a +0 club and carrying a wand of acid (11).
Casting: Beastly Appendage (safe; 4% risk of failure)
Confirm with . or Enter, or press ? or * to list all spells.
The spell is quite dangerous to cast (17% risk of failure)!
Continue anyway?
You miscast Spider Form.
You are very lightly contaminated with residual magic.
Nothing appears to happen.
You barely miss Ijyb. You grab Ijyb. You squeeze Ijyb.
Ijyb is lightly wounded.
You constrict Ijyb.
Ijyb zaps a wand.
The bolt of acid hits you!
You are splashed with acid!
You tentacle-slap Ijyb but do no damage.
Your tentacle spike misses Ijyb.
Ijyb is moderately wounded.
You constrict Ijyb. Ijyb misses you.
You completely miss Ijyb.
Ijyb is moderately wounded.
You constrict Ijyb. Ijyb barely misses you.
Casting: Spider Form (quite dangerous; 17% risk of failure)
Confirm with . or Enter, or press ? or * to list all spells.
The spell is quite dangerous to cast (17% risk of failure)!
Continue anyway?
Your tentacle spike disappears.
You turn into a venomous arachnid creature.
You lose your grip on Ijyb.
Ijyb barely misses you.
You closely miss Ijyb.
Ijyb is heavily wounded.
You hit Ijyb.
Ijyb is poisoned.
Ijyb is heavily wounded.
Ijyb zaps a wand.
The bolt of acid hits you!
* * * LOW HITPOINT WARNING * * *
You are splashed with acid!
You die...

#............#.#....#
###.....#...........#
##.#####..n.......#
####.#####.........
..#............####
#....# ..###...[..#
##..#.#..# #..##...r#
####.......# #.## #..
##.....<.# #.#
....###..# #g#
..####...# #s# ###
#....### ###.#
.....#....###...#
######.<...##.###
#......##.#
#.#....#..#
#.#......##
#.#.<...## #.#......#
##.>...# #.##..#


You could see Ijyb (very poisoned).

Vanquished Creatures
  Terence (D:2)
  8 gnolls (D:3)
  4 adders
  3 worms
  5 dart slugs
  19 orcs (D:3)
  5 ball pythons
  7 endoplasms
  5 giant cockroaches
  5 goblins
  10 hobgoblins
  14 jackals
  4 kobolds
  5 quokkas
  5 bats
  7 frilled lizards
  6 rats
113 creatures vanquished.

Vanquished Creatures (others)
  2 plants (D:1)
2 creatures vanquished.

Grand Total: 115 creatures vanquished

Notes
Turn   | Place    | Note
-------+----------+-------------------------------------------
     0 | D:1      | Gather the Octopode Transmuter began the quest for the Orb.
     0 | D:1      | Reached XP level 1. HP: 13/13 MP: 3/3
   361 | D:1      | Reached XP level 2. HP: 14/18 MP: 3/5
   367 | D:1      | Learned a level 2 spell: Wereblood
   851 | D:1      | Reached XP level 3. HP: 23/23 MP: 4/6
   863 | D:1      | Learned a level 3 spell: Spider Form
   908 | D:1      | Reached skill level 1 in Poison Magic
  2655 | D:2      | Noticed Terence
  2662 | D:2      | Reached XP level 4. HP: 28/28 MP: 1/7
  2676 | D:2      | Killed Terence
  2835 | D:2      | Reached skill level 1 in Stealth
  3711 | D:3      | Reached XP level 5. HP: 17/33 MP: 3/8
  4695 | D:3      | Reached skill level 4 in Unarmed Combat
  4718 | D:3      | Reached XP level 6. HP: 10/39 MP: 5/9
  5748 | D:4      | Noticed Grinder
  5786 | D:4      | Paralysed by Grinder for 4 turns
  6073 | D:4      | Found a transporter.
  6130 | D:4      | Found a radiant altar of Vehumet.
  6131 | D:4      | Noticed a necrophage
  6150 | D:4      | Noticed Ijyb
  6162 | D:4      | Splashed by Ijyb's acid

Illustrated notes

Levels and vault maps discovered:
D:1:      erik_arrival_cave_to_civilisation [erik_arrival_cave_to_temple],
          layout_basic, serial_forest, infiniplex_forest_end_1,
          infiniplex_forest_clump_long, infiniplex_forest_lined_room_2,
          infiniplex_forest_clump_tiny, infiniplex_forest_straight_2,
          infiniplex_forest_clump_tiny, infiniplex_forest_end_1,
          chequers_mini_garden, minmay_misc_feat_enclosed,
          minmay_misc_feat_cross, minmay_3d_cube
D:2:      layout_basic, hangedman_abyss_or_decor_lesser_grid, uniq_terence
D:3:      minmay_octagon_keep, layout_loops_corners, minivault_23,
          hangedman_glass_teeth, minmay_door_square
D:4:      gammafunk_steamed_eel, layout_rooms, lemuel_crystal_altar,
          serial_shops, shop, kennysheep_mini_moat, kennysheep_little_box,
          hangedman_decor_opposing, uniq_menkaure, uniq_grinder, uniq_eustachio,
          uniq_ijyb

Skill      XL: |  1  2  3  4  5  6 |
---------------+-------------------+-----
Poison Magic   | 2 3 |  3.0
Stealth        | 1 2 |  2.7
Transmutations | 3 |  3.4
Unarmed Combat | 4 |  4.2
Fighting       | 2 |  2.1
Dodging        | |  2.9
Spellcasting   | |  2.0

Action                   |  1- 3 |  4- 6 || total
-------------------------+-------+-------++-------
Melee: Unarmed           |    96 |   167 ||   263
       Constrict         |    20 |     6 ||    26
       Kick              |    16 |       ||    16
       Tentacles         |     6 |     3 ||     9
       Punch             |     1 |       ||     1
Throw: Dart              |       |     3 ||     3
 Cast: Beastly Appendage |    23 |     3 ||    26
       Wereblood         |     2 |     6 ||     8
       Spider Form       |    11 |    29 ||    40
  Use: Potion            |       |     2 ||     2
 Stab: Sleeping          |     3 |     5 ||     8
Armor: Skin              |     6 |    10 ||    16
Dodge: Dodged            |    65 |   108 ||   173

Table legend: (Time is in decaauts)
 A = Elapsed time spent in this place.
 B = Non-inter-level travel time spent in this place.
 C = Inter-level travel time spent in this place.
 D = Time resting spent in this place.
 E = Time spent auto-exploring this place.
 F = Levels seen in this place.
 G = Mean time per level.
                   A        B        C        D        E       F      G
               +--------+--------+--------+--------+--------+-----+--------+
         Total |   6149 |   5830 |    319 |    647 |   4126 |   4 | 1537.2 |
       Dungeon |   6149 |   5830 |    319 |    647 |   4126 |   4 | 1537.2 |
               +--------+--------+--------+--------+--------+-----+--------+

Top non-repeatable levels by time:
     D:3: 2357 daAuts
     D:1: 1926 daAuts
     D:2: 1550 daAuts
     D:4: 315 daAuts
